 Dungeon Crawl Stone Soup version 0.29-a0-322-g68df515428 (webtiles) character file.

Game seed: 14861349520310067149

4 jt the Sneak (level 1, -2/20 HPs)
             Began as a Deep Dwarf Delver on Apr 6, 2022.
             Was an Initiate of Elyvilon.
             Killed from afar by an orc wizard (7 damage)
             ... with a puff of flame
             ... on level 4 of the Dungeon.
             The game lasted 00:00:42 (82 turns).

jt the Sneak (Deep Dwarf Delver)                      Turns: 82, Time: 00:00:44

Health: -2/20      AC:  3    Str: 15    XL:     1   Next: 50%
Magic:  1/1        EV: 12    Int: 10    God:    Elyvilon [......]
Gold:   12         SH:  0    Dex: 14    Spells: 0/0 levels left

rFire   . . .      SeeInvis .   a - +0 hand axe
rCold   . . .      Faith    .   (no shield)
rNeg    . . .      Spirit   .   b - +0 leather armour
rPois   .          Reflect  .   (no helmet)
rElec   .          Harm     .   (no cloak)
rCorr   .          Rampage  .   (no gloves)
Will    .....                   (no boots)
Stlth   +.........              (no amulet)
HPRegen 0.00/turn               (no ring)
MPRegen 0.07/turn               (no ring)

@: confused
A: damage resistance, heal wounds, sense surroundings 1, no regeneration
a: Heal Wounds, Renounce Religion


You were on level 4 of the Dungeon.
You worshipped Elyvilon.
Elyvilon was noncommittal.
You visited 1 branch of the dungeon, and saw 2 of its levels.

You collected 12 gold pieces.

Inventory:

Hand Weapons
 a - a +0 hand axe (weapon)
Armour
 b - a +0 leather armour (worn)
Wands
 g - a wand of digging (3)
Scrolls
 c - a scroll of fog
 d - a scroll of magic mapping
 e - a scroll of fear
Potions
 f - a potion of haste


   Skills:
 - Level 2.6 Fighting
 + Level 2.6 Axes
 - Level 2.1 Dodging
 - Level 6.0 Stealth


You couldn't memorise any spells.
You didn't know any spells.
Your spell library was empty.

Dungeon Overview and Level Annotations

Branches:
Dungeon (5/15)
 Temple: D:4-7

Altars:
Elyvilon

Shops:
D:4 **


Innate Abilities, Weirdness & Mutations

You are resistant to damage.
You can heal yourself by infusing magical energy.
You passively map a small area around you.
You do not regenerate.


Message History

You hit the orc.
The orc is severely wounded.
The orc barely misses you.
You hit the orc wizard but do no damage.
You barely miss the orc.
The orc wizard hits you with a +0 dagger.
You closely miss the orc.
The orc is severely wounded.
You hit the orc wizard.
The orc wizard points at you and mumbles some strange words.
You are confused.
The orc completely misses you.
Okay, then.
The orc wizard barely misses you.
You're too confused to move!
The orc wizard casts a spell at you.
You are more confused.
The orc hits you with a +0 flail.
You hit the orc but do no damage.
The orc is severely wounded.
You hit the orc wizard.
The orc wizard casts a spell.
The orc wizard flickers and vanishes!
Deactivating autopickup; reactivate with Ctrl-A.
The orc hits you with a +0 flail!
* * * LOW HITPOINT WARNING * * *
The orc closely misses you. Something hits you.
Okay, then.
You are too confused!
Unknown command.
You miss something. Something hits you.
You barely miss something. You hit the orc.
You kill the orc!
You hit something. You hit the plant.
The plant begins to die.
You hit the plant.
The plant begins to die.
You hear some strange, mumbled words.
A puff of flame appears from out of thin air!
The puff of flame hits you!
You die...

** #.# , #.#
#.#####.#########
#...............#
#.#####.#######.#
#.#####.# #.#
#......># #.#
##..P.P..# #.# *
, ....P∩.@{## #.#
** , ##..PPP.).#
#.........
#......#.##
##.######.
..?....##o)#* ###
.#.#..##..)..# ,
......#..≈≈≈..# *
.#.#.##.≈≈≈≈≈.# *
.... #$≈≈≈≈≈.# *
.# #.≈≈≈≈≈.# *


You could see an orc.

Vanquished Creatures
  3 orcs (D:4)
3 creatures vanquished.

Notes
Turn   | Place    | Note
-------+----------+-------------------------------------------
     0 | D:5      | jt the Deep Dwarf Delver began the quest for the Orb.
     0 | D:5      | Reached XP level 1. HP: 20/20 MP: 1/1
     3 | D:5      | Found a white marble altar of Elyvilon.
    10 | D:5      | Became a worshipper of Elyvilon the Healer
    32 | D:5      | Noticed an orc wizard
    55 | D:4      | Found Cika Pob's Assorted Antiques.
    63 | D:4      | Found Tahix's General Store.
    63 | D:4      | Noticed an orc wizard
    82 | D:4      | Killed from afar by an orc wizard

Illustrated notes

Levels and vault maps discovered:
D:4:      layout_loops_ring, minmay_temple_entry_metal_lava, serial_shops,
          nicolae_lakefront_shop, nicolae_shop_overgrown_old_shop
D:5:      layout_gridville, mainiacjoe_overflow_cross_hatched

Action                   || total
-------------------------++-------
Melee: Hand axe          ||    14
 Abil: Heal Wounds       ||     1
Dodge: Dodged            ||     8

Table legend: (Time is in decaauts)
 A = Elapsed time spent in this place.
 B = Non-inter-level travel time spent in this place.
 C = Inter-level travel time spent in this place.
 D = Time resting spent in this place.
 E = Time spent auto-exploring this place.
 F = Levels seen in this place.
 G = Mean time per level.
                   A        B        C        D        E       F      G
               +--------+--------+--------+--------+--------+-----+--------+
         Total |     84 |     84 |      0 |      0 |      0 |   2 |   42.0 |
       Dungeon |     84 |     84 |      0 |      0 |      0 |   2 |   42.0 |
               +--------+--------+--------+--------+--------+-----+--------+

Top non-repeatable levels by time:
     D:5: 44 daAuts
     D:4: 40 daAuts
